 Dungeon Crawl Stone Soup version 0.21.1-1-g345015f (webtiles) character file.

52 tidbits the Insei (level 3, 0/28 HPs)
             Began as a Gnoll Transmuter on Mar 8, 2018.
             Killed by divine providence
             ... invoked by an orc priest
              (15 damage)
             ... on level 3 of the Dungeon.
             The game lasted 00:02:13 (230 turns).

tidbits the Insei (Gnoll Transmuter)                 Turns: 230, Time: 00:02:13

Health: 0/28       AC:  2    Str: 12    XL:     3   Next: 85%
Magic:  9/9        EV: 14    Int: 16    God:
Gold:   22         SH:  0    Dex: 15    Spells: 2/12 levels left

rFire    . . .     SeeInvis .     - Unarmed
rCold    . . .     Gourm    .   (no shield)
rNeg     . . .     Faith    .   b - +0 robe
rPois    .         Spirit   .   (no helmet)
rElec    .         Reflect  .   (no cloak)
rCorr    .         Harm     +   (no gloves)
MR       .....                  (no boots)
Stlth    ++........             j - amulet of harm
HPRegen  0.09/turn              (no ring)
MPRegen  0.11/turn              (no ring)

@: no status effects
A: distributed training, fangs 1, strong nose
a: no special abilities


You were on level 3 of the Dungeon.
You were not hungry.

You visited 1 branch of the dungeon, and saw 3 of its levels.

You collected 22 gold pieces.

Inventory:

Missiles
 a - 11 arrows
Armour
 b - a +0 robe (worn)
Jewellery
 j - an amulet of harm (around neck)
   (You found it on level 3 of the Dungeon)
Wands
 i - a wand of flame (18)
Scrolls
 f - a scroll of blinking {unknown}
 h - a scroll of noise {unknown}
Potions
 g - a potion of heal wounds {unknown}
Books
 c - a book of Changes

   Spells                             Type                      Level
   a - Beastly Appendage              Transmutation                1
   b - Sticks to Snakes               Transmutation                2
   c - Spider Form                    Transmutation/Poison         3
   d - Ice Form                       Ice/Transmutation            4
   e - Blade Hands                    Transmutation                5
 e - a book of Cantrips
   (You found it on level 2 of the Dungeon)

   Spells                             Type                      Level
   a - Confusing Touch                Hexes                        1
   b - Animate Skeleton               Necromancy                   1
   c - Summon Small Mammal            Summoning                    1
   d - Apportation                    Translocation                1
Comestibles
 d - 2 rations


   Skills:
 + Level 2.6 Fighting
 + Level 0.9 Short Blades
 + Level 0.9 Long Blades
 + Level 0.9 Axes
 + Level 0.9 Maces & Flails
 + Level 0.9 Polearms
 + Level 0.9 Staves
 + Level 0.9 Slings
 + Level 0.9 Bows
 + Level 0.9 Crossbows
 + Level 0.9 Throwing
 + Level 0.9 Armour
 + Level 4.5 Dodging
 + Level 0.9 Stealth
 + Level 0.9 Shields
 + Level 6.5 Unarmed Combat
 + Level 5.0 Spellcasting
 + Level 0.6 Conjurations
 + Level 0.6 Hexes
 + Level 0.6 Charms
 + Level 0.6 Summonings
 + Level 0.6 Necromancy
 + Level 0.6 Translocations
 + Level 3.8 Transmutations
 + Level 0.6 Fire Magic
 + Level 0.6 Ice Magic
 + Level 0.6 Air Magic
 + Level 0.6 Earth Magic
 + Level 0.6 Poison Magic
 + Level 1.0 Invocations
 + Level 0.9 Evocations


You had 2 spell levels left.
You knew the following spells:

 Your Spells              Type           Power        Failure   Level  Hunger
a - Summon Small Mammal   Summ           #...         12%         1    None
e - Beastly Appendage     Tmut           ###...       3%          1    None
k - Sticks to Snakes      Tmut           ###.....     4%          2    #......
n - Animate Skeleton      Necr           N/A          12%         1    None
p - Spider Form           Tmut/Pois      ##........   19%         3    ###....
t - Confusing Touch       Hex            #.....       12%         1    None
A - Apportation           Tloc           #.....       12%         1    None


Dungeon Overview and Level Annotations

Branches:
Dungeon (3/15)

Altars:


Innate Abilities, Weirdness & Mutations

Your experience applies equally to all skills.
You have very sharp teeth.
Your uncanny sense of smell can sniff out nearby items.


Message History

You open the large door.
A giant cockroach and a howler monkey come into view.
Casting: Beastly Appendage
Confirm with . or Enter, or press ? or * to list all spells.
You extend your transformation's duration.
The howler monkey howls!
You hit the giant cockroach but do no damage.
Casting: Beastly Appendage
Confirm with . or Enter, or press ? or * to list all spells.
You create a snake!
You now have 11 arrows.
The giant cockroach bites you.
* * * LOW HITPOINT WARNING * * *
The giant cockroach completely misses you.
You hit the giant cockroach.
You kill the giant cockroach!
The howler monkey hoots and howls with incredible vigour!
You punch the howler monkey!
The howler monkey is heavily wounded.
The howler monkey barely misses you.
You punch the howler monkey!
You kill the howler monkey!
Your Spellcasting skill increases to level 5!
Your Invocations skill increases to level 1!
You have reached level 3!
Your experience leads to an increase in your attributes!
Increase (S)trength, (I)ntelligence, or (D)exterity?
You feel clever.
Memorise Summon Small Mammal, consuming 1 spell level and leaving 5?
You start memorising the spell.
You continue memorising.
You finish memorising.
Spell assigned to 'a'.
There is a large open door here.
You see here a giant cockroach corpse.
You open the large door.
Your transformation is almost over.
A rat comes into view.
You hit the rat.
You kill the rat!
There is a large open door here.
You see here a rat corpse.
Memorise Spider Form, consuming 3 spell levels and leaving 2?
You start memorising the spell.
You continue memorising. x2
Your ball python withers and dies!
You continue memorising.
You finish memorising.
Spell assigned to 'p'.
Your talons disappear.
You see here a pink potion.
g - a pink potion
Found a scroll labeled QEIPLA TUPUTO.
You see here a scroll labeled QEIPLA TUPUTO.
h - a scroll labeled QEIPLA TUPUTO
Found 17 stones.
Okay, then.
Found a stone staircase leading down.
Found a stone staircase leading down.
There is a stone staircase leading down here.
Casting: Sticks to Snakes
Confirm with . or Enter, or press ? or * to list all spells.
You turn into a venomous arachnid creature.
Your +0 robe melds into your body.
Unknown command.
You climb downwards.
There is a stone staircase leading up here.
Unknown command.
Found a long glass wand.
You see here a wand of flame (18).
i - a wand of flame (18)
A hobgoblin comes into view. It is wielding a club.
Your transformation is almost over.
The hobgoblin shouts!
Found a dented blue amulet.
A kobold comes into view.
The kobold moves out of view.
You hit the hobgoblin.
The hobgoblin is poisoned.
The hobgoblin is severely wounded.
The hobgoblin closely misses you.
You barely miss the hobgoblin.
The hobgoblin is severely wounded.
You kill the hobgoblin!
The kobold throws a stone.
The stone completely misses you. The kobold hits you.
* * * LOW HITPOINT WARNING * * *
Things that are here:
a club; a hobgoblin corpse You hit the kobold but do no damage.
The kobold is poisoned.
You hit the kobold.
You kill the kobold!
Your transformation has ended.
Your +0 robe unmelds from your body.
Things that are here:
3 stones; a kobold corpse You see here a dented blue amulet.
j - a dented blue amulet
There are no items here.
Put on which piece of jewellery? (? for menu, Esc to quit)
j - an amulet of harm (around neck) 2 orcs and an orc priest come into view.
The orc shouts!
The orc priest shouts!
The orc priest invokes the aid of Beogh against you.
Beogh smites you!
Ouch! That really hurt!
You die...

## .o o# .#
o# ∆ .#
##########.#
#........@.#
#.##########
#.# #.# #.#
#.# #.# #.#
########.#


You could see an orc priest and 2 orcs.

Vanquished Creatures
  A howler monkey (D:2)
  A giant cockroach (D:2)
  A goblin (D:1)
  A hobgoblin (D:3)
  3 jackals
  A bat (D:2)
  3 kobolds
  2 rats
13 creatures vanquished.

Notes
Turn   | Place    | Note
-------+----------+-------------------------------------------
     0 | D:1      | tidbits the Gnoll Transmuter began the quest for the Orb.
     0 | D:1      | Reached XP level 1. HP: 17/17 MP: 6/6
    34 | D:2      | Learned a level 1 spell: Animate Skeleton
    36 | D:2      | Learned a level 1 spell: Apportation
    38 | D:2      | Learned a level 1 spell: Confusing Touch
    84 | D:1      | Reached XP level 2. HP: 5/23 MP: 7/7
    99 | D:1      | Learned a level 2 spell: Sticks to Snakes
   125 | D:2      | Noticed a howler monkey
   131 | D:2      | Killed a howler monkey
   131 | D:2      | Reached skill level 5 in Spellcasting
   131 | D:2      | Reached skill level 1 in Invocations
   131 | D:2      | Reached XP level 3. HP: 8/28 MP: 4/9
   134 | D:2      | Learned a level 1 spell: Summon Small Mammal
   155 | D:2      | Learned a level 3 spell: Spider Form
   230 | D:3      | Killed from afar by an orc priest

Skill      XL: |  1  2 |
---------------+-------+-----
Spellcasting   | 5 |  5.0
Invocations    | 1 |  1.0
Fighting       | |  2.6
Short Blades   | |  0.9
Long Blades    | |  0.9
Axes           | |  0.9
Maces & Flails | |  0.9
Polearms       | |  0.9
Staves         | |  0.9
Slings         | |  0.9
Bows           | |  0.9
Crossbows      | |  0.9
Throwing       | |  0.9
Armour         | |  0.9
Dodging        | |  4.5
Stealth        | |  0.9
Shields        | |  0.9
Unarmed Combat | |  6.5
Conjurations   | |  0.6
Hexes          | |  0.6
Charms         | |  0.6
Summonings     | |  0.6
Necromancy     | |  0.6
Translocations | |  0.6
Transmutations | |  3.8
Fire Magic     | |  0.6
Ice Magic      | |  0.6
Air Magic      | |  0.6
Earth Magic    | |  0.6
Poison Magic   | |  0.6
Evocations     | |  0.9

Action                   || total
-------------------------++-------
Melee: Unarmed           ||    28
       Kick              ||     2
       Bite              ||     2
       Punch             ||     2
 Cast: Beastly Appendage ||     6
       Sticks to Snakes  ||     1
       Spider Form       ||     1
Dodge: Dodged            ||    26

Table legend:
 A = Turns spent in this place as a percentage of turns spent in the entire game.
 B = Non-inter-level travel turns spent in this place as a percentage of non-inter-level travel turns spent in the entire game.
 C = Inter-level travel turns spent in this place as a percentage of turns spent in this place.
 D = Turns resting spent in this place as a percentage of non-inter-level travel turns spent in this place.
 E = Turns spent auto-exploring this place as a percentage of non-inter-level travel turns spent in this place.
 F = Non-inter-level travel turns spent in this place divided by the number of levels of this place that you've seen.
                   A       B       C       D       E      F
               +-------+-------+-------+-------+-------+----------------------
         Total | 100.0 | 100.0 |   0.0 |   0.0 |   0.0 |  76.7
       Dungeon | 100.0 | 100.0 |   0.0 |   0.0 |   0.0 |  76.7
               +-------+-------+-------+-------+-------+----------------------

Table legend:
 A = Kills in this place as a percentage of kills in entire the game.
 B = Kills by you in this place as a percentage of kills by you in the entire game.
 C = Kills by friends in this place as a percentage of kills by friends in the entire game.
 D = Other kills in this place as a percentage of other kills in the entire game.
 E = Experience gained in this place as a percentage of experience gained in the entire game.
 F = Experience gained in this place divided by the number of levels of this place that you have seen.
                   A       B       C       D       E      F
               +-------+-------+-------+-------+-------+----------------------
         Total | 100.0 | 100.0 |   N/A |   N/A | 100.0 |  25.0
       Dungeon | 100.0 | 100.0 |   N/A |   N/A | 100.0 |  25.0
               +-------+-------+-------+-------+-------+----------------------

Vault maps used:
D:1:      dpeg_arrival_tiny_c, minmay_misc_feat_four_crosses
D:2:      kennysheep_generic_room_15
D:3:      marbit_many_paths, first_ration
